 Dungeon Crawl Stone Soup version 0.30-b1-2-g02819fbbbe (webtiles) character file.

Game seed: 18415569281122653282

5156 raph the Transmogrifier (level 10, 0/80 HPs)
             Began as a Black Draconian Transmuter on May 21, 2023.
             Was an Initiate of Gozag.
             Slain by a gnoll sergeant
             ... wielding a +0 trident of freezing
              (2 damage)
             ... on level 9 of the Dungeon.
             The game lasted 00:15:46 (10677 turns).

raph the Transmogrifier (DrTm)                     Turns: 10677, Time: 00:15:47

Health: 0/80       AC:  2    Str: 15    XL:     10   Next: 33%
Magic:  15/19      EV: 24    Int: 15    God:    Gozag
Gold:   1031       SH:  5    Dex: 17    Spells: 7/22 levels left

rFire   . . .        f - melded +7 dagger "Tirghu Rits" {holy, *Noise Will+ Int+4 Dex+2}
rCold   . . .        (shield currently unavailable)
rNeg    . . .        (body armour unavailable)
rPois   x            (helmet currently unavailable)
rElec   .            (cloak currently unavailable)
rCorr   .            g - melded +0 pair of gloves
SInv    .            j - melded +1 pair of boots
Will    .....        r - amulet of reflection
Stlth   ++           z - +4 ring of slaying
HPRegen 0.33/turn    B - +5 ring of evasion
MPRegen 0.16/turn

%: reflection
@: spider-form (expiring), gold aura
A: venomous fangs, (breathe lightning), AC +7, tiny, unfitting armour,
(electricity resistance), (cold-blooded)
a: End Transformation, Renounce Religion, Potion Petition, Call Merchant, Bribe
Branch


You were on level 9 of the Dungeon.
You worshipped Gozag.
Gozag was most pleased with you.
You were a venomous arachnid creature.
You visited 2 branches of the dungeon, and saw 10 of its levels.

You collected 1353 gold pieces.
You spent 288 gold pieces at shops.
You paid 34 gold pieces to Gozag.

Inventory:

Hand Weapons
 f - the +7 dagger "Tirghu Rits" (melded) {holy, *Noise Will+ Int+4 Dex+2}
   (You found it on level 3 of the Dungeon)

   Int:       It affects your intelligence (+4).
   Dex:       It affects your dexterity (+2).
   *Noise:    It may make noises in combat.
   Will:      It increases your willpower.
Missiles
 d - 2 throwing nets
 e - 9 javelins
 l - 6 atropa-tipped darts
 w - 6 poisoned darts
Armour
 g - a +0 pair of gloves (melded)
 j - a +1 pair of boots (melded)
Jewellery
 o - a ring of fire
 r - an amulet of reflection (around neck)
 y - a ring of poison resistance
 z - a +4 ring of slaying (left front pincers)
 B - a +5 ring of evasion (right front pincers)
Wands
 s - a wand of paralysis (22)
Scrolls
 k - 3 scrolls of teleportation
 n - a scroll of fear
 u - 3 scrolls of identify
 v - a scroll of magic mapping
 x - a scroll of butterflies
Potions
 a - a potion of lignification
 b - 5 potions of curing
 c - 3 potions of might
 h - 3 potions of berserk rage
 i - 4 potions of mutation
 m - a potion of flight
 q - 2 potions of haste
 t - a potion of magic
 A - a potion of resistance


   Skills:
 + Level 4.9 Fighting
 - Level 1.7 Dodging
 + Level 8.2 Unarmed Combat
 + Level 6.5 Spellcasting
 * Level 10.8 Transmutations


You had 7 spell levels left.
You knew the following spells:

 Your Spells              Type           Power      Damage    Failure   Level
a - Beastly Appendage     Tmut           74%        N/A       1%          1
b - Wereblood             Tmut           37%        N/A       2%          2
c - Spider Form           Tmut/Pois      21%        N/A       14%         3
d - Summon Small Mammal   Summ           16%        N/A       32%         1
e - Ice Form              Ice/Tmut       21%        N/A       34%         4
f - Petrify               Tmut/Erth      21%        N/A       34%         4

Your spell library contained the following spells:

 Spells                   Type           Power      Damage    Failure   Level
 Apportation              Tloc           8%         N/A       32%         1
 Necrotise                Necr           16%        1d4       32%         1
 Slow                     Hex            16%        N/A       32%         1
 Sublimation of Blood     Necr           4%         N/A       43%         2
 Call Canine Familiar     Summ           4%         N/A       61%         3
 Confusing Touch          Hex            4%         N/A       61%         3
 Dazzling Flash           Conj/Hex       8%         N/A       61%         3
 Portal Projectile        Hex/Tloc       8%         N/A       61%         3
 Vampiric Draining        Necr           4%         2d6       61%         3
 Volatile Blastmotes      Fire/Tloc      8%         2d10      61%         3
 Irradiate                Conj/Tmut      10%        3d15      61%         5
 Iskenderun's Mystic Bla  Conj/Tloc      4%         2d3       92%         4
 Leda's Liquefaction      Hex/Erth       2%         N/A       92%         4
 Starburst                Conj/Fire      2%         6d3       100%        6


Dungeon Overview and Level Annotations

Branches:
Dungeon (9/15)             Temple (1/1) D:6
   Lair: D:8-11         Orc: D:9-12

Altars:
Cheibriados
Elyvilon
Gozag
Kikubaaqudgha
Makhleb
Ru
Trog
Vehumet
Wu Jian
Xom
The Shining One

Shops:
D:3 *   D:7 (


Innate Abilities, Weirdness & Mutations

You are a venomous arachnid creature.
You have venomous fangs.
You are tiny and dextrous.
Your spellcasting is less reliable in this form.
Your armour is entirely melded.
You are incapable of wielding weapons or throwing items.
((You can breathe wild blasts of lightning.))
((Your glossy black scales are hard. (AC +7)))
You cannot fit into any form of body armour.
((You are resistant to electric shocks. (rElec)))
((You are cold-blooded and may be slowed by cold attacks.))


Message History

The gnoll misses you.
The gnoll hits you from afar with a +0 spear.
You hit the gnoll.
The gnoll is poisoned.
The gnoll is heavily wounded.
The gnoll sergeant hits you with a +0 trident of freezing!
The gnoll sergeant freezes you. The gnoll misses you.
The gnoll completely misses you. x2
The gnoll sergeant hits you with a +0 trident of freezing!
The gnoll sergeant freezes you. The gnoll completely misses you.
You block the gnoll's attack. The gnoll misses you.
You hit the gnoll.
The gnoll is poisoned.
The gnoll is heavily wounded.
The gnoll sergeant misses you.
The gnoll hits you with a +2 whip of flaming.
The gnoll burns you. The gnoll hits you with a +0 spear!
You block the gnoll's attack. The gnoll completely misses you.
You hit the gnoll sergeant.
The gnoll sergeant is poisoned.
The gnoll sergeant is moderately wounded.
The gnoll sergeant closely misses you. You block the gnoll's attack.
The gnoll closely misses you. The gnoll barely misses you.
The gnoll completely misses you.
Your magical contamination has completely faded away.
You bite the gnoll!
You kill the gnoll!
The gnoll sergeant misses you. You block the gnoll's attack.
The gnoll misses you. The gnoll hits you with a +0 flail!
* * * LOW HITPOINT WARNING * * *
Your transformation is almost over.
The gnoll sergeant hits you from afar with a +0 trident of freezing.
* * * LOW HITPOINT WARNING * * *
The gnoll sergeant freezes you.
* * * LOW HITPOINT WARNING * * *
The gnoll barely misses you. The gnoll completely misses you. x2
The gnoll sergeant closely misses you. The gnoll completely misses you.
You kill the gnoll! x2
The gnoll sergeant hits you from afar with a +0 trident of freezing!
* * * LOW HITPOINT WARNING * * *
The gnoll sergeant freezes you.
You die...
Your body crumbles into a pile of gold.

#....# #....#
########....#
............#
............#
............####
#............
#$.g$.# #<.$.s#
#...g.# #######


You could see a gnoll sergeant (very poisoned) and a gnoll (very poisoned).

Vanquished Creatures
  A two-headed ogre (D:8)
  Pikel (D:7)
  Psyche (D:8)
  3 yaks (D:8)
  2 steam dragons
  2 water moccasins (D:6)
  3 ice beasts
  2 centaurs
  3 ogres
  A phantom (D:5)
  A bullfrog (D:6)
  A gnoll sergeant (D:8)
  2 scorpions (D:5)
  9 wights
  8 killer bees (D:8)
  A howler monkey (D:7)
  4 jellies
  4 orc priests
  A hound (D:4)
  An iron imp (D:8)
  3 gnoll boudas
  4 iguanas
  5 orc wizards
  23 gnolls
  9 adders
  A shadow imp (D:8)
  3 white imps
  An ufetubus (D:7)
  A worm (D:3)
  20 orcs
  5 ball pythons
  5 bats
  7 endoplasms
  4 giant cockroaches
  9 goblins
  12 hobgoblins
  11 jackals
  6 kobolds
  3 quokkas
  4 frilled lizards
  9 rats
196 creatures vanquished.

Vanquished Creatures (others)
  9 plants
9 creatures vanquished.

Grand Total: 205 creatures vanquished

Notes
Turn   | Place    | Note
-------+----------+-------------------------------------------
     0 | D:1      | raph the Draconian Transmuter began the quest for the Orb.
     0 | D:1      | Reached XP level 1. HP: 16/16 MP: 3/3
   192 | D:1      | Reached XP level 2. HP: 19/23 MP: 3/5
   232 | D:1      | Learned a level 2 spell: Wereblood
   826 | D:2      | Reached XP level 3. HP: 28/28 MP: 4/6
   830 | D:2      | Learned a level 3 spell: Spider Form
  1075 | D:2      | Reached skill level 3 in Transmutations
  1161 | D:2      | Reached XP level 4. HP: 31/35 MP: 5/7
  1699 | D:3      | Reached skill level 4 in Transmutations
  1701 | D:3      | Learned a level 1 spell: Summon Small Mammal
  1720 | D:3      | Found a bloodstained altar of Trog.
  1728 | D:3      | Identified the +7 dagger "Tirghu Rits" {holy, *Noise Will+
                  | Int+4 Dex+2}
  1888 | D:3      | Found Myurph's General Store.
  1896 | D:3      | Bought a potion of curing for 33 gold pieces
  1896 | D:3      | Bought a scroll of teleportation for 33 gold pieces
  2025 | D:3      | Found an opulent altar of Gozag.
  2039 | D:3      | Became a worshipper of Gozag Ym Sagoz the Greedy
  2278 | D:3      | Found a radiant altar of Vehumet.
  2362 | D:3      | Bought a scroll of identify for 22 gold pieces
  2385 | D:3      | Reached XP level 5. HP: 26/40 MP: 4/8
  2678 | D:4      | Noticed an ogre
  2935 | D:4      | Found a shimmering altar of Xom.
  2971 | D:4      | Found a glowing golden altar of the Shining One.
  2973 | D:4      | Noticed an ice beast
  2994 | D:4      | Killed an ice beast
  2995 | D:4      | Reached skill level 5 in Transmutations
  2995 | D:4      | Reached XP level 6. HP: 47/47 MP: 6/9
  3124 | D:4      | Reached skill level 5 in Unarmed Combat
  3265 | D:4      | Your scales start taking on a glossy black colour.
  3265 | D:4      | Reached XP level 7. HP: 52/52 MP: 8/11
  3265 | D:4      | Gained mutation: You are resistant to electric shocks.
                  | (rElec) [Black Draconian growth]
  3282 | D:4      | Reached skill level 6 in Transmutations
  4085 | D:5      | Entered Level 5 of the Dungeon
  4778 | D:5      | Reached skill level 7 in Transmutations
  4861 | D:5      | Reached XP level 8. HP: 59/59 MP: 9/13
  4908 | D:6      | Found a staircase to the Ecumenical Temple.
  4979 | Temple   | Entered the Ecumenical Temple
  5725 | D:6      | Found an ancient bone altar of Kikubaaqudgha.
  5963 | D:6      | Reached skill level 8 in Transmutations
  6063 | D:6      | Found a burning altar of Makhleb.
  6417 | D:6      | Found an ornate altar of the Wu Jian Council.
  6764 | D:7      | Reached skill level 5 in Spellcasting
  6821 | D:7      | Found a white marble altar of Elyvilon.
  6855 | D:6      | Learned a level 4 spell: Ice Form
  6860 | D:6      | Learned a level 4 spell: Petrify
  6870 | D:7      | Reached XP level 9. HP: 53/63 MP: 8/16
  7404 | D:7      | Reached skill level 9 in Transmutations
  7441 | D:7      | Found Bishru's Weapon Shop.
  7451 | D:7      | Bought 6 poisoned darts for 46 gold pieces
  7707 | D:3      | Bought a scroll of butterflies for 44 gold pieces
  7707 | D:3      | Bought a potion of haste for 110 gold pieces
  8208 | D:8      | Noticed Pikel
  8250 | D:7      | Killed Pikel
  8505 | D:8      | Reached skill level 10 in Transmutations
  8931 | D:8      | Found a snail-covered altar of Cheibriados.
  8955 | D:8      | Reached XP level 10. HP: 15/76 MP: 11/19
  9195 | D:8      | Noticed a two-headed ogre
  9215 | D:8      | Killed a two-headed ogre
 10169 | D:8      | Noticed Psyche
 10179 | D:8      | Killed Psyche
 10311 | D:8      | Found a sacrificial altar of Ru.
 10677 | D:9      | HP: 2/80 [gnoll sergeant/+0 trident of freezing (13)]
 10677 | D:9      | Slain by a gnoll sergeant

Illustrated notes

Levels and vault maps discovered:
D:1:      enne_arrival_octagon_isle, layout_loops_cross
D:2:      layout_loops_ring, serial_bayou_pond_b
D:3:      layout_loops_ring, lemuel_tele_altar, bloody_trog,
          nicolae_gozag_cash_rules_everything_around_me, serial_shops, shop
D:4:      layout_loops_cross, mainiacjoe_overflow_catwalk,
          mainiacjoe_overflow_brackets
D:5:      layout_basic, corexii_item_surrounded_by_moat
D:6:      layout_gridville, mainiacjoe_overflow_boulevard,
          amcnicky_altar_gilded, nicolae_wu_jian_immortal_techniques,
          minmay_temple_entry_statues_pillars
D:7:      layout_rooms, mainiacjoe_overflow_paths, serial_shops, shop
D:8:      layout_basic, nicolae_ru_great_annihilating_truth, slow_altar_1,
          uniq_pikel, uniq_psyche
D:9:      layout_irregular_city
Temple:   zaba_magenta_temple

Skill      XL: |  1  2  3  4  5  6  7  8  9 10 |
---------------+-------------------------------+-----
Transmutations | 3 4 5 7 8 10 | 10.8
Unarmed Combat | 4 5 6 7 8 |  8.2
Spellcasting   | 3 5 6 |  6.5
Fighting       | 4 |  4.9
Dodging        | |  1.7

Action                     |  1- 3 |  4- 6 |  7- 9 | 10-12 || total
---------------------------+-------+-------+-------+-------++-------
  Melee: Unarmed           |    91 |   130 |   272 |    39 ||   532
         Kick              |    16 |    28 |     2 |       ||    46
         Headbutt          |     7 |    14 |     3 |       ||    24
         Tailslap          |     6 |    12 |     7 |     1 ||    26
         Punch             |     3 |     3 |     1 |       ||     7
   Cast: Beastly Appendage |    23 |    26 |     3 |       ||    52
         Wereblood         |     1 |     5 |     2 |     1 ||     9
         Spider Form       |       |     5 |    30 |     8 ||    43
         Summon Small Mamm |       |       |     3 |     1 ||     4
         Ice Form          |       |       |     8 |     1 ||     9
    Use: Scroll            |     5 |     3 |       |     5 ||    13
   Stab: Distracted        |       |     1 |     3 |       ||     4
         Paralysed         |       |       |       |     1 ||     1
 Armour: Skin              |    28 |    36 |    33 |     7 ||   104
  Dodge: Dodged            |    47 |    79 |   205 |    49 ||   380
  Block: Other             |       |       |    49 |    16 ||    65
         Reflection        |       |       |     1 |     2 ||     3
